noty, neutral male scurrid Tourist |.' |@- |.| noty the Rambler Experience level: 1 Strength: 9 Dexterity: 13 Constitution: 12 Intelligence: 14 Wisdom: 11 Charisma: 16 Health: 0(9) Energy: 2(2) Def: 0 Gold: 286 Moves: 67 Dungeon seed: TRHS2EkQBjRWgpEN Game ID: noty_1498607729 Your Inventory: Coins $ - 286 gold pieces Weapons a - 50 uncursed rusty +2 darts (in quiver) Armor e - an uncursed +0 Hawaiian shirt (being worn) Comestibles b - an uncursed pear c - 2 uncursed food rations d - 2 uncursed eggs f - 4 uncursed tripe rations g - an uncursed tin of newt meat h - 2 uncursed candy bars i - an uncursed chestnut Scrolls k - 3 uncursed scrolls of blank paper l - a blessed scroll of blank paper Potions j - 2 uncursed diluted potions of extra healing Wands o - an uncursed rusty wand of secret door detection (0:14) Tools m - an uncursed expensive camera (0:95) n - an uncursed credit card p - an uncursed oil lamp (0:1169) Spells and supernatural/magical abilities: Name Level Category Fail Memory W - pray for help -- divine ? -- Your skills at the end: Miscellaneous Skills wands [Basic] Weapon Skills dart [Basic] Spellcasting Skills Final Attributes: You were devoutly aligned. You had infravision. You were very stealthy. You are dead. Vanquished creatures: a mumak Voluntary challenges: You went without food. You did not adorn yourself with jewelry or accessories. You did not cause conflict. You were not invisible. You did not have reflection. You were not displaced. You were an atheist. You never hit with a wielded weapon. You were a pacifist. You did not use tools. You did not use plumbed fixtures. You did not drink any magical draughts. You were illiterate. You never genocided any monsters. You never polymorphed an object. You never changed form. You used no wishes. You never split a pudding. You never wrote Elbereth's name. You never violated your personal moral code. Dungeon overview: The Dungeons of Doom: levels 1 to 26 Level 1 a long staircase Level 2 Level 3 a fountain Level 4 Level 5 Level 6 Level 7 Level 8 Level 9 Level 10 Level 11 Level 12 Level 13 a fountain Level 14 Level 15 Level 16 Level 17 Level 18 Level 19 Level 20 Level 21 Level 22 Level 23 Level 24 Level 25 Level 26 <- You were here History has recorded: On T:1 you entered the Dungeons of Doom to retrieve the Amulet of Yendor! On T:4 you reached level 2 of The Dungeons of Doom. On T:7 you reached level 3 of The Dungeons of Doom. On T:9 you reached level 4 of The Dungeons of Doom. On T:11 you reached level 5 of The Dungeons of Doom. On T:13 you reached level 6 of The Dungeons of Doom. On T:16 you reached level 7 of The Dungeons of Doom. On T:18 you reached level 8 of The Dungeons of Doom. On T:20 you reached level 9 of The Dungeons of Doom. On T:22 you reached level 10 of The Dungeons of Doom. On T:26 you reached level 11 of The Dungeons of Doom. On T:28 you reached level 12 of The Dungeons of Doom. On T:31 you reached level 13 of The Dungeons of Doom. On T:33 you reached level 14 of The Dungeons of Doom. On T:35 you reached level 15 of The Dungeons of Doom. On T:37 you reached level 16 of The Dungeons of Doom. On T:37 you entered the Rogue tribute level. On T:40 you reached level 17 of The Dungeons of Doom. On T:42 you reached level 18 of The Dungeons of Doom. On T:44 you reached level 19 of The Dungeons of Doom. On T:48 you reached level 20 of The Dungeons of Doom. On T:50 you reached level 21 of The Dungeons of Doom. On T:52 you reached level 22 of The Dungeons of Doom. On T:55 you reached level 23 of The Dungeons of Doom. On T:57 you reached level 24 of The Dungeons of Doom. On T:63 you reached level 25 of The Dungeons of Doom. On T:65 you reached level 26 of The Dungeons of Doom. Score breakdown: Gold: 43 ( 4 points) Experience: 1 level ( 0 points) Exploration: 26 levels ( 750 points) Discoveries: 1 item ( 50 points) Variety of kills: 1 monster ( 50 points) Major goal: (nothing yet) ( 0 points) Survival: died (score multiplied by 3) Total score: 2562 Latest messages: That command is only available in debug mode. You have no weapon equipped. You start digging downward. You continue digging downward. You dig a pit in the floor. You hear a distant squeak. You continue digging downward. You dig a hole through the floor. You fall through... You start digging downward. You continue digging downward. You dig a pit in the floor. You continue digging downward. You dig a hole through the floor. You fall through... The leather golem claws you! (2x) You start digging downward. You continue digging downward. You dig a pit in the floor. The leather golem claws you! You die... Final status: Aloha noty the Tourist, killed by a leather golem... You died in The Dungeons of Doom on dungeon level 26 with 2562 points, and 286 pieces of gold, after 67 moves. You were level 1 with a maximum of 9 hit points when you died.